 Dungeon Crawl Stone Soup version 0.28-a0-1404-g4df0f3684d (webtiles) character file.

Game seed: 13300205006175550150

6 snetch the Ducker (level 1, -1/15 HPs)
             Began as a Felid Berserker on Jan 5, 2022.
             Was a Follower of Trog.
             Slain by a ball python (2 damage)
             ... on level 1 of the Dungeon.
             The game lasted 00:00:13 (71 turns).

snetch the Ducker (Felid Berserker)                   Turns: 71, Time: 00:00:14

Health: -1/15      AC:  1    Str: 13    XL:     1   Next: 75%
Magic:  2/2        EV: 18    Int:  8    God:    Trog [*.....]
Gold:   12         SH:  0    Dex: 15    Spells: 0/0 levels left
                                        Lives:  0   Deaths: 0

rFire   . . .      SeeInvis +     - Unarmed
rCold   . . .      Faith    .   (shield unavailable)
rNeg    . . .      Spirit   .   (armour unavailable)
rPois   .          Reflect  .   (helmet unavailable)
rElec   .          Harm     .   (cloak unavailable)
rCorr   .          Rampage  .   (gloves unavailable)
Will    .....                   (boots unavailable)
Stlth   ..........              (no amulet)
HPRegen 0.05/turn               (no ring)
MPRegen 0.08/turn               (no ring)

@: berserking, very quick
A: very small, claws 1, fangs 3, see invisible, speed 1, shaggy fur 1, stealthy
paws, no weapons or thrown items, no armour, multi-lived
a: Renounce Religion, Berserk


You were on level 1 of the Dungeon.
You worshipped Trog.
Trog was aware of your devotion.
You visited 1 branch of the dungeon, and saw 1 of its levels.

You collected 12 gold pieces.

You aren't carrying anything.


   Skills:
 + Level 3.1 Fighting
 + Level 4.2 Dodging
 + Level 3.1 Unarmed Combat


You couldn't memorise any spells.
You didn't know any spells.
Your spell library was empty.

Dungeon Overview and Level Annotations

Branches:
Dungeon (1/15)

Altars:


Innate Abilities, Weirdness & Mutations

You have sharp claws.
You have razor-sharp teeth.
You have supernaturally acute eyesight. (SInv)
You cover ground quickly. (Speed+)
You are covered in fur. (AC +1)
Your paws help you pounce on unaware monsters.
You are incapable of wielding weapons or throwing items.
You cannot wear armour.
You gain extra lives every three experience levels.


Message History

The kobold is heavily wounded.
A ball python comes into view.
The kobold misses you. The endoplasm misses you.
The ball python hisses angrily.
You scratch the kobold but do no damage.
You bite the kobold.
The kobold is severely wounded.
The kobold hits you with a +0 dagger. The endoplasm misses you.
You scratch the kobold.
You kill the kobold!
Trog accepts your kill. The endoplasm closely misses you.
The endoplasm freezes you.
You are frozen.
You are too injured to fight recklessly!
Unknown command.
A red film seems to cover your vision as you go berserk!
You feel yourself moving faster!
You feel mighty! The endoplasm misses you. The endoplasm hits you.
* * * LOW HITPOINT WARNING * * *
You are too injured to fight recklessly!
You are too injured to fight recklessly!
Unknown command.
You barely miss the endoplasm.
The endoplasm hits you but does no damage.
You barely miss the endoplasm. You claw the endoplasm.
You kill the endoplasm!
Trog accepts your kill. The endoplasm barely misses you. The rat misses you.
A rat comes into view.
You claw the rat!
You kill the rat!
Trog accepts your kill. The endoplasm hits you.
* * * LOW HITPOINT WARNING * * *
You claw the endoplasm!
You kill the endoplasm!
Trog accepts your kill. The ball python bites you.
You die...

#.......####
##..........
...........
#........#
#........#
##........###r.
#......)).....#
#......@..##.##
#.......S......
###...........#..
#....>......#.#
.# . ...##..#####
.. ..### ....
#.## .. ....
.....##.######.#
. ...#
...............#
... ###
......##.#######
##.####..


You could see a ball python and a rat.

Vanquished Creatures
  2 endoplasms (D:1)
  A goblin (D:1)
  A ball python (D:1)
  2 kobolds (D:1)
  A rat (D:1)
7 creatures vanquished.

Notes
Turn   | Place    | Note
-------+----------+-------------------------------------------
     0 | D:1      | snetch the Felid Berserker began the quest for the Orb.
     0 | D:1      | Reached XP level 1. HP: 10/10 MP: 2/2
    71 | D:1      | Slain by a ball python

Illustrated notes

Levels and vault maps discovered:
D:1:      amcnicky_arrival_feature_with_door, layout_rooms,
          roderic_serpentine_path

Action                   || total
-------------------------++-------
Melee: Unarmed           ||    12
       Punch             ||     1
       Bite              ||     1
Invok: Berserk           ||     1
Armor: Skin              ||     1
Dodge: Dodged            ||    12

Table legend: (Time is in decaauts)
 A = Elapsed time spent in this place.
 B = Non-inter-level travel time spent in this place.
 C = Inter-level travel time spent in this place.
 D = Time resting spent in this place.
 E = Time spent auto-exploring this place.
 F = Levels seen in this place.
 G = Mean time per level.
                   A        B        C        D        E       F      G
               +--------+--------+--------+--------+--------+-----+--------+
         Total |     57 |     57 |      0 |      0 |     37 |   1 |   57.0 |
       Dungeon |     57 |     57 |      0 |      0 |     37 |   1 |   57.0 |
               +--------+--------+--------+--------+--------+-----+--------+

Top non-repeatable levels by time:
     D:1: 57 daAuts
